[Event "Titled Tuesday Blitz October 18 Late 2022"]
[White "Sala, Giulia"]
[Black "Omariev, Maksim"]
[WhiteFideId "2840451"]
[BlackFideId "4193423"]
[WhiteElo "1769"]
[BlackElo "2401"]
[Result "0-1"]
[Round "08"]
[TimeControl "180+1"]
[Date "2022.10.19"]
[WhiteClock "0:02:16"]
[BlackClock "0:00:35"]

1. d4 h5 2. e4 h4 3. Nf3 c6 4. Nc3 h3 5. gxh3 d5 6. h4 dxe4 7. Nxe4 Bg4 8. Bg2 e6 9. Qd3 Be7 10. c3 Nd7 11. Bg5 Ngf6 12. O-O-O Qa5 13. Kb1 Nxe4 14. Bxe7 Kxe7 15. Rhf1 Nxf2 16. Qe3 Nxd1 17. Qg5+ Qxg5 18. Nxg5 Bf5+ 19. Kc1 Ne3 20. Rf2 Nxg2 21. Rxg2 g6 22. Nxe6 fxe6 23. Rxg6 Bxg6 24. d5 Rh5 25. d6+ Kxd6 26. c4 Rxh4 27. c5+ Nxc5 28. b4 Rxb4 29. a4 Rxa4 30. h4 Ra2 31. h5 Bxh5 32. Kb1 Rh2 33. Kc1 a5 34. Kb1 a4 35. Kc1 b5 36. Kb1 b4 37. Kc1 a3 38. Kb1 b3 39. Kc1 Nd7 40. Kb1 e5 41. Kc1 e4 42. Kb1 e3 43. Kc1 c5 44. Kb1 c4 45. Kc1 c3 46. Kb1 Rd2 47. Kc1 Nb6 48. Kb1 Nd5 49. Kc1 Nb4 50. Kb1 Rh8 51. Ka1 Kd7 52. Kb1 Ke8 53. Ka1 Bd1 54. Kb1 e2 55. Ka1 e1=Q 56. Kb1 Qe7 57. Ka1 Qd8 58. Kb1 Rd6 59. Ka1 Ra6 60. Kb1 Ra8 61. Ka1 Bg4 62. Kb1 Bc8 63. Kc1 Nc6 64. Kb1 Nb8 65. Kc1 Qc7 66. Kb1 a2+ 67. Kc1 a1=N 68. Kb1 Nc2 69. Kc1 Nd4 70. Kd1 Nf5 71. Ke1 Ne7 72. Kd1 Ng8 73. Ke1 c2 74. Kf2 c1=B 75. Ke1 Ba3 76. Kf2 Bf8 77. Ke1 b2 78. Kf2 b1=Q 79. Ke3 Qe4+ 80. Kf2 Qf3+ 81. Kxf3 Qd8 82. Ke3 Bb7 83. Kf4 Bg7 84. Ke3 Nd7 85. Kf4 Ne7 86. Ke3 Qb6+ 87. Ke2 Ra3 88. Kd2 Rhh3 89. Kd1 Ng6 90. Kd2 Qd6+ 91. Ke2 Nb6 92. Kf2 Be4 93. Kg1 Bd4+ 94. Kf1 Ne5 95. Ke1 Nd5 96. Kd1 Nb4 97. Ke1 Ng4 98. Kd1 Qg3 99. Kc1 Rh2 100. Kd1 Bd3 101. Kc1 Bc3 102. Kd1 Ne5 103. Kc1 Nf3 104. Kd1 Nd5 105. Kc1 Raa2 106. Kd1 Kd7 107. Kc1 Kc6 108. Kd1 Kb5 109. Kc1 Kb4 110. Kd1 Kb3 111. Kc1 Qf2 112. Kd1 Ne3+ 113. Kc1 Qc2# 0-1


[Site "https://www.chess.com"]

[Event "Titled Tuesday Blitz October 18 Late 2022"]
[White "Schut, Han"]
[Black "De Souza, Cristiano Gomes"]
[WhiteFideId "1005561"]
[BlackFideId "2151758"]
[WhiteElo "2024"]
[BlackElo "2068"]
[Result "0-1"]
[Round "08"]
[TimeControl "180+1"]
[Date "2022.10.19"]
[WhiteClock "0:00:22"]
[BlackClock "0:00:19"]

1. e4 c5 2. Nf3 d6 3. d4 cxd4 4. Nxd4 Nf6 5. f3 g6 6. c4 Bg7 7. Be3 O-O 8. Qd2 Nc6 9. Nc3 a5 10. b3 Nxd4 11. Bxd4 Nd7 12. Be3 Nc5 13. Rc1 Be6 14. Be2 Qb6 15. Nb5 Bd7 16. O-O Bxb5 17. cxb5 Rac8 18. Rc2 Qa7 19. Bc4 b6 20. Bd5 Qd7 21. Bc6 Qd8 22. Rd1 Qc7 23. Kh1 Rfd8 24. Qf2 h5 25. Rdc1 e6 26. g3 d5 27. exd5 exd5 28. Bxc5 bxc5 29. Rxc5 d4 30. a3 Qb6 31. b4 axb4 32. axb4 d3 33. Rd1 Bd4 34. Qf1 Bxc5 35. bxc5 Qxc5 36. Rxd3 Rxd3 37. Qxd3 Qe7 38. Kg2 Rd8 39. Qe4 Qc5 40. Kh3 Rd2 41. g4 Qf2 42. Qe8+ Kg7 43. Qe5+ Kh7 44. gxh5 Qg2+ 45. Kh4 g5+ 46. Qxg5 Qxh2+ 47. Kg4 Rg2+ 48. Kf5 Rxg5+ 49. Kxg5 Qe5+ 50. Kg4 Kh6 51. f4 Qxh5+ 52. Kg3 f5 53. Bf3 Qg6+ 54. Kf2 Qb6+ 55. Kg3 Qxb5 0-1


[Site "https://www.chess.com"]

[Event "Titled Tuesday Blitz October 18 Late 2022"]
[White "Sernecki, Franciszek"]
[Black "Gasparyan, David"]
[WhiteFideId "1169297"]
[BlackFideId "13311980"]
[WhiteElo "2209"]
[BlackElo "2385"]
[Result "1-0"]
[Round "08"]
[TimeControl "180+1"]
[Date "2022.10.19"]
[WhiteClock "0:02:03"]
[BlackClock "0:00:24"]

1. c4 Nf6 2. Nc3 g6 3. e4 c5 4. g3 Nc6 5. Bg2 Bg7 6. Nge2 O-O 7. O-O e5 8. d3 d6 9. h3 Nd4 10. Be3 Rb8 11. Bg5 h6 12. Bxf6 Bxf6 13. Nxd4 cxd4 14. Nd5 Bg7 15. a4 f5 16. f4 Be6 17. b4 Qd7 18. exf5 gxf5 19. Kh2 Qf7 20. a5 a6 21. Rb1 Qg6 22. Ne7+ Kh7 23. Nxg6 Kxg6 24. b5 Rbe8 25. Bxb7 e4 26. dxe4 Bxc4 27. exf5+ Rxf5 28. Rf2 h5 29. bxa6 d3 30. a7 Bd4 31. a8=Q Rxa8 32. Bxa8 d5 33. Rd2 h4 34. Rxd3 Bf2 35. Qg4+ Kf6 36. Qxf5+ Kxf5 37. Rxd5+ Kf6 38. Rb6+ Ke7 39. Re5+ Kd8 40. Rd6+ Kc7 41. Rc6+ Kb8 42. Rxc4 Bxg3+ 43. Kg2 Ka7 44. Re7+ Ka6 45. Rc6+ Kb5 46. Re5+ Kb4 47. Rb6+ Kc3 48. Rc5+ Kd4 49. Rg5 Be1 50. Rg4 Kc5 51. Rh6 Bc3 52. Rhxh4 Kb5 53. Rh5+ Ka6 54. Rg6+ Ka7 55. Rh7+ Bg7 56. Rhxg7+ Kxa8 57. f5 Kb8 58. h4 Kc8 59. h5 Kd8 60. h6 Ke8 61. h7 Kf8 62. h8=N Ke8 63. Rf6 Kd8 64. Rff7 Kc8 65. Ng6 Kb8 66. Re7 Ka8 67. f6 Kb8 68. f7 Kc8 69. f8=N Kb8 70. Ne6 Ka8 71. Ne5 Kb8 72. Rc7 Ka8 73. Nc5 Kb8 74. Nc4 Ka8 75. a6 Kb8 76. Kf3 Ka8 77. Ke3 Kb8 78. Kd3 Ka8 79. Kc3 Kb8 80. Kb4 Ka8 81. Kb5 Kb8 82. Kb6 Ka8 83. Rc6 Kb8 84. Rcc7 Ka8 85. Na5 Kb8 86. Ne6 Ka8 87. Rc1 Kb8 88. a7+ Ka8 89. Nc7# 1-0


[Site "https://www.chess.com"]

[Event "Titled Tuesday Blitz October 18 Late 2022"]
[White "Shuvalov, Evgenij"]
[Black "Ovezdurdyyeva, Jemal"]
[WhiteFideId "4187237"]
[BlackFideId "14001888"]
[WhiteElo "2049"]
[BlackElo "1961"]
[Result "0-1"]
[Round "08"]
[TimeControl "180+1"]
[Date "2022.10.19"]
[WhiteClock "0:00:16"]
[BlackClock "0:00:18"]

1. d4 Nf6 2. c4 e6 3. Nf3 b6 4. g3 Bb7 5. Bg2 Be7 6. O-O O-O 7. Nc3 d5 8. Ne5 c6 9. Bf4 Nbd7 10. Rc1 Nxe5 11. Bxe5 dxc4 12. Ne4 Nxe4 13. Bxe4 b5 14. b3 cxb3 15. Qxb3 Rc8 16. Rc2 Bf6 17. Rfc1 Bxe5 18. dxe5 Qc7 19. Qe3 g6 20. Qc5 Qa5 21. h4 Qa4 22. Bf3 h5 23. Rc3 b4 24. Rc4 a5 25. g4 Qxa2 26. gxh5 b3 27. hxg6 b2 28. gxf7+ Rxf7 29. Rg4+ Kh8 30. Qe3 bxc1=Q+ 31. Qxc1 Rh7 32. Qg5 Qb1+ 33. Kg2 Qf5 34. Qe3 Rg8 35. Rxg8+ Kxg8 36. Qa7 Rg7+ 37. Kh2 Qxe5+ 38. Kh3 Qf5+ 39. Kh2 Qf4+ 40. Kh3 Qf5+ 41. Kh2 e5 42. Qxa5 Qf4+ 43. Kh3 Bc8+ 44. Bg4 Qxg4+ 45. Kh2 Qg2# 0-1


[Site "https://www.chess.com"]

[Event "Titled Tuesday Blitz October 18 Late 2022"]
[White "Souleidis, Georgios"]
[Black "Thiel, Thomas"]
[WhiteFideId "4206827"]
[BlackFideId "4615964"]
[WhiteElo "2401"]
[BlackElo "2264"]
[Result "1-0"]
[Round "08"]
[TimeControl "180+1"]
[Date "2022.10.19"]
[WhiteClock "0:00:04"]
[BlackClock "0:00:12"]

1. e4 d5 2. exd5 Nf6 3. d4 Nxd5 4. c4 Nb6 5. Nf3 g6 6. c5 Nd5 7. Nc3 Bg7 8. Bc4 Nxc3 9. bxc3 O-O 10. O-O Nc6 11. h3 e5 12. Bg5 Qd7 13. Bb5 exd4 14. cxd4 Qd5 15. Be3 Bf5 16. Qa4 Bxh3 17. Bc4 Qf5 18. Be2 Bg4 19. Rfd1 Qh5 20. Rab1 Rab8 21. Rd2 Rfe8 22. d5 Ne5 23. Nxe5 Bxe2 24. Nd7 Rbd8 25. Rxb7 Qg4 26. Qxg4 Bxg4 27. c6 Bxd7 28. cxd7 Rxd7 29. Rxa7 Be5 30. Kf1 Bd6 31. a4 Rde7 32. a5 Re4 33. Ra2 f5 34. g3 Bxg3 35. fxg3 Rxe3 36. Rxc7 Rxg3 37. a6 Ra8 38. a7 Rf3+ 39. Ke2 Rf4 40. Rb7 Rd4 41. Rb8+ 1-0


[Site "https://www.chess.com"]

[Event "Titled Tuesday Blitz October 18 Late 2022"]
[White "Storey, Charles H"]
[Black "Gunduz, Umut Erdem"]
[WhiteFideId "406686"]
[BlackFideId "6381383"]
[WhiteElo "2252"]
[BlackElo "2182"]
[Result "1-0"]
[Round "08"]
[TimeControl "180+1"]
[Date "2022.10.19"]
[WhiteClock "0:01:23"]
[BlackClock "0:01:25"]

1. c4 b6 2. d4 e6 3. e4 Bb7 4. f3 d6 5. Nc3 Nd7 6. Be3 g6 7. Qd2 Bg7 8. Bd3 h6 9. Nge2 Ne7 10. h4 a6 11. g4 c5 12. f4 cxd4 13. Nxd4 Nc5 14. Bc2 d5 15. cxd5 exd5 16. e5 Qd7 17. Rg1 Ne4 18. Bxe4 dxe4 19. O-O-O O-O-O 20. Qc2 Nd5 21. Nxd5+ Kb8 22. Nxb6 Qe7 23. Kb1 Rc8 24. Nxc8 Rxc8 25. Qb3 Bf8 26. Rc1 1-0


[Site "https://www.chess.com"]

[Event "Titled Tuesday Blitz October 18 Late 2022"]
[White "Tan, Ralph"]
[Black "Sargsyan, Anna M."]
[WhiteFideId "30966590"]
[BlackFideId "13308130"]
[WhiteElo "2488"]
[BlackElo "2616"]
[Result "1-0"]
[Round "08"]
[TimeControl "180+1"]
[Date "2022.10.19"]
[WhiteClock "0:00:27"]
[BlackClock "0:00:14"]

1. Nf3 d5 2. g3 Nf6 3. Bg2 g6 4. O-O Bg7 5. d4 O-O 6. c4 c6 7. Nbd2 Re8 8. b3 dxc4 9. bxc4 c5 10. e3 cxd4 11. exd4 Nc6 12. Bb2 Bf5 13. Nb3 Rc8 14. Rc1 b6 15. d5 Nb4 16. Nfd4 Bg4 17. f3 Bd7 18. a3 Na6 19. f4 Nc5 20. Nxc5 Rxc5 21. Nb3 Ba4 22. Qd3 Rc7 23. Be5 Rc8 24. Nd4 Nd7 25. Bxg7 Kxg7 26. f5 Nc5 27. Qe3 Qd6 28. fxg6 hxg6 29. Bh3 Bd7 30. Bg2 e5 31. Nf3 f6 32. Nh4 Na4 33. Be4 Qc5 34. Qxc5 Rxc5 35. Bxg6 Rec8 36. Bf5 Bxf5 37. Nxf5+ Kh7 38. Nd6 R8c7 39. Rxf6 Nb2 40. Rcf1 Nxc4 41. Ne8 Re7 42. Rf8 Rf7 43. R8xf7+ Kg6 44. R1f6+ Kg5 45. Rg7+ Kh5 46. Rf5+ Kh6 47. Rg4 Ne3 48. Rf6+ Kh5 49. Rh4+ Kg5 50. Kf2 Ng4+ 51. Rxg4+ Kxg4 52. d6 Rc2+ 53. Ke3 Rc3+ 54. Ke4 Rc4+ 55. Kxe5 Rc5+ 56. Ke6 Rc6 57. Kd7 Rc2 58. Nc7 Rxh2 59. Rg6+ Kf5 60. Rg8 Rd2 61. Kc6 Ke5 62. d7 Rc2+ 63. Kb7 Rd2 64. d8=Q Rxd8 65. Rxd8 Kf5 66. Kxa7 Kg4 67. Kxb6 Kxg3 68. a4 Kf4 69. a5 Ke5 70. a6 Kf6 71. Rb8 Ke7 72. a7 Kf7 73. a8=Q Kg7 74. Na6 Kg6 75. Qb7 Kf6 76. Rc8 Kf5 77. Qb8 Ke6 78. Rc6+ Kf7 79. Qd6 Ke8 80. Nc7+ Kf7 81. Qe6+ Kg7 82. Rc2 Kf8 83. Rf2+ Kg7 84. Qg4+ 1-0


[Site "https://www.chess.com"]

[Event "Titled Tuesday Blitz October 18 Late 2022"]
[White "Ter-Sahakyan, Samvel"]
[Black "Papasimakopoulos, Alexandros"]
[WhiteFideId "13302531"]
[BlackFideId "4244125"]
[WhiteElo "2604"]
[BlackElo "2357"]
[Result "1-0"]
[Round "08"]
[TimeControl "180+1"]
[Date "2022.10.18"]
[WhiteClock "0:00:56"]
[BlackClock "0:01:39"]

1. e4 e6 2. d4 d5 3. e5 b6 4. Nf3 Ne7 5. Bd3 Ba6 6. Bxa6 Nxa6 7. O-O Qd7 8. Re1 Nf5 9. c3 h5 10. Nbd2 c5 11. Nf1 cxd4 12. cxd4 Nb4 13. Ne3 g6 14. Nxf5 gxf5 15. Bg5 Be7 16. h4 Nc6 17. Rc1 Rc8 18. Re3 Bxg5 19. Nxg5 Ne7 20. Rxc8+ Qxc8 21. Rc3 Qd7 22. Qc2 Kf8 23. Rc7 Qb5 24. a4 Qb4 25. Rxa7 Kg7 26. Qc3 Qxc3 27. bxc3 Re8 28. Rb7 Kf8 29. Nh7+ Kg7 30. Nf6 Ra8 31. Rxe7 Rxa4 32. Nxh5+ Kg6 33. Nf4+ Kh6 34. Rxf7 Ra1+ 35. Kh2 Rc1 36. Rf6+ Kg7 37. Rxe6 Rxc3 38. Rxb6 Rc4 39. h5 1-0


[Site "https://www.chess.com"]

[Event "Titled Tuesday Blitz October 18 Late 2022"]
[White "Thomforde-Toates, Noah"]
[Black "Pakleza, Zbigniew"]
[WhiteFideId "30951992"]
[BlackFideId "1119290"]
[WhiteElo "2674"]
[BlackElo "2411"]
[Result "1-0"]
[Round "08"]
[TimeControl "180+1"]
[Date "2022.10.18"]
[WhiteClock "0:00:15"]
[BlackClock "0:00:04"]

1. d4 d6 2. Nc3 Nf6 3. e4 c6 4. a4 Nbd7 5. Nf3 e5 6. h3 Be7 7. Bc4 O-O 8. Bb3 exd4 9. Qxd4 Nc5 10. Ba2 Re8 11. O-O Be6 12. Bxe6 Nxe6 13. Qb4 Qc7 14. Qc4 Rad8 15. Ng5 Bf8 16. Nxe6 Rxe6 17. Bg5 Rde8 18. Bxf6 Rxf6 19. Nd5 Qd8 20. Nxf6+ Qxf6 21. c3 h5 22. Rfe1 h4 23. Qd4 Qf4 24. e5 Qxd4 25. cxd4 Rd8 26. exd6 Rxd6 27. Re8 g5 28. Rd1 Kg7 29. Re5 f6 30. Re4 Rd5 31. Kf1 a5 32. Ke2 Kg6 33. Kd3 Bd6 34. Kc4 Kf7 35. Rde1 b5+ 36. axb5 Rxb5 37. R1e2 Rb4+ 38. Kc3 a4 39. Re6 Rb3+ 40. Kc2 Be5 41. Rxc6 Bxd4 42. Kc1 Be5 43. Ra6 Rb4 44. Kb1 Rd4 45. Ka2 g4 46. hxg4 Rxg4 47. f3 Rd4 48. Ka3 Bd6+ 49. Ka2 Be5 50. Ra7+ Kg6 51. Rb7 Kf5 52. Rh7 Bg3 53. Rh5+ Kg6 54. Ra5 Be5 55. Re4 Rd2 56. Rg4+ Kf5 57. Rb5 Rf2 58. Ka3 h3 59. gxh3 Rxf3+ 60. Kxa4 Rxh3 61. Rg8 Rh1 62. Ka5 Rb1 63. b4 Ke4 64. Kb6 Bd4+ 65. Kb7 Rc1 66. Re8+ Be5 67. Rb6 Rd1 68. Rxf6 Rd7+ 69. Kc6 Ra7 70. Rfe6 Ra6+ 71. Kb7 Rxe6 72. Rxe6 Kd5 73. Rxe5+ Kxe5 74. b5 1-0


[Site "https://www.chess.com"]

[Event "Titled Tuesday Blitz October 18 Late 2022"]
[White "Timmermans, Mark"]
[Black "Hansen, Eric"]
[WhiteFideId "1026399"]
[BlackFideId "2606771"]
[WhiteElo "2460"]
[BlackElo "2568"]
[Result "0-1"]
[Round "08"]
[TimeControl "180+1"]
[Date "2022.10.18"]
[WhiteClock "0:00:10"]
[BlackClock "0:00:05"]

1. b4 e5 2. Bb2 Bxb4 3. Bxe5 Nf6 4. Nc3 c6 5. a3 Ba5 6. e3 d5 7. Nf3 Nbd7 8. Bg3 Bxc3 9. dxc3 Qa5 10. Qd4 c5 11. Qd3 O-O 12. Be2 Ne4 13. O-O Nxc3 14. Ne5 Nf6 15. Bf3 Be6 16. Qd2 Rac8 17. Nd3 Nfe4 18. Qe1 b6 19. Be5 f6 20. Bg3 Qa4 21. Nf4 Bf7 22. Ne2 Qxc2 23. Nxc3 Qxc3 24. Bxe4 Qxe1 25. Bxh7+ Kxh7 26. Rfxe1 Rfe8 27. Red1 Re4 28. Rac1 Ra4 29. Rc3 Re8 30. f3 g5 31. Bf2 Kg6 32. g4 Rc8 33. Rb1 Be8 34. Rbc1 Bc6 35. Kg2 Re8 36. h3 Ra5 37. Rd1 Rb5 38. Kg3 Rb2 39. Rdc1 Ra2 40. R1c2 Rxc2 41. Rxc2 Bb5 42. h4 gxh4+ 43. Kxh4 Bd3 44. Rc3 c4 45. Kg3 b5 46. Rc1 a5 47. Be1 Rxe3 48. Bxa5 Be4 49. Kh4 Rxf3 50. Bb4 Rb3 51. Bc5 c3 52. Rf1 c2 53. Bd4 Rb1 54. Rxf6+ Kh7 55. Rf7+ Kg8 56. Rg7+ Kf8 57. Rc7 c1=Q 0-1


[Site "https://www.chess.com"]

[Event "Titled Tuesday Blitz October 18 Late 2022"]
[White "Tomaszewski, Kacper"]
[Black "Romero Ruscalleda, Josep"]
[WhiteFideId "1127373"]
[BlackFideId "2231859"]
[WhiteElo "2211"]
[BlackElo "2312"]
[Result "1-0"]
[Round "08"]
[TimeControl "180+1"]
[Date "2022.10.19"]
[WhiteClock "0:00:35"]
[BlackClock "0:00:10"]

1. c4 g6 2. Nf3 Bg7 3. Nc3 d6 4. e4 e5 5. Be2 c5 6. O-O Ne7 7. d3 O-O 8. Nd5 Nbc6 9. a3 Be6 10. Rb1 Bxd5 11. cxd5 Nd4 12. b4 b6 13. Nxd4 exd4 14. bxc5 bxc5 15. Qa4 f5 16. Rb7 fxe4 17. dxe4 a5 18. Bg4 h5 19. Be6+ Kh7 20. f4 Rb8 21. Rd7 Qe8 22. f5 gxf5 23. Bg5 Bf6 24. Bxf5+ Kh8 25. Bh6 Rg8 26. Bh3 Be5 27. Qd1 Rb2 28. Kh1 Qg6 29. Bd2 Rg7 30. Rf8+ Kh7 31. Rxe7 Rxe7 32. Bf5 Qxf5 33. Rxf5 Rg7 34. Qxh5+ Kg8 35. Qe8+ Kh7 36. Rh5# 1-0


[Site "https://www.chess.com"]

[Event "Titled Tuesday Blitz October 18 Late 2022"]
[White "Tsaruk, Maksim"]
[Black "Kravtsiv, Martyn"]
[WhiteFideId "13511173"]
[BlackFideId "14113147"]
[WhiteElo "2273"]
[BlackElo "2694"]
[Result "1-0"]
[Round "08"]
[TimeControl "180+1"]
[Date "2022.10.18"]
[WhiteClock "0:00:03"]
[BlackClock "0:00:05"]

1. e4 b6 2. d4 Bb7 3. Bd3 e6 4. Qe2 c5 5. d5 Be7 6. Nc3 Nf6 7. dxe6 dxe6 8. Nf3 O-O 9. Bf4 Nc6 10. Rd1 Nd4 11. Nxd4 cxd4 12. Nb1 Nd7 13. O-O e5 14. Bg3 Bh4 15. Nd2 Bxg3 16. hxg3 Qe7 17. f4 Rac8 18. Qg4 Nc5 19. Nf3 exf4 20. gxf4 Bxe4 21. Bxe4 Nxe4 22. Nxd4 Rfe8 23. c3 Nf6 24. Qf3 h5 25. Rd2 Ng4 26. Re2 Qc5 27. Rfe1 Rxe2 28. Rxe2 b5 29. a3 a5 30. Qd3 b4 31. axb4 axb4 32. Re1 bxc3 33. bxc3 g6 34. f5 Qd6 35. g3 g5 36. Qf3 Rb8 37. Re2 Nf6 38. Kg2 Kg7 39. Qe3 Kh6 40. Qf3 Ng4 41. Ne6 Rb1 42. Nd4 Qc5 43. f6 Kg6 44. Qe4+ Kh6 45. Nf5+ Kh7 46. Ne7+ Kh8 47. Qa8+ 1-0


[Site "https://www.chess.com"]

[Event "Titled Tuesday Blitz October 18 Late 2022"]
[White "Urazayev, Arystanbek"]
[Black "Sukandar, Irine Kharisma"]
[WhiteFideId "13709810"]
[BlackFideId "7101937"]
[WhiteElo "2441"]
[BlackElo "2301"]
[Result "1-0"]
[Round "08"]
[TimeControl "180+1"]
[Date "2022.10.18"]
[WhiteClock "0:02:24"]
[BlackClock "0:01:39"]

1. d4 c5 2. d5 e5 3. e4 d6 4. Nc3 g6 5. Be2 Bg7 6. h4 h5 7. Nh3 Nh6 8. Ng5 O-O 9. Be3 a6 10. a4 Ng4 11. Bxg4 Bxg4 12. f3 Bd7 13. Qd2 b5 14. axb5 Qb6 15. b4 Bxb5 16. bxc5 dxc5 17. d6 Bc4 18. Kf2 Nc6 19. Rhb1 Qd8 20. Bxc5 f6 21. Nh3 Kh7 22. Nd5 Bh6 23. Qc3 Bxd5 24. exd5 Nd4 25. Rb7+ Kh8 26. Bxd4 exd4 27. Qc7 Qxc7 28. dxc7 Rac8 29. d6 1-0


[Site "https://www.chess.com"]

[Event "Titled Tuesday Blitz October 18 Late 2022"]
[White "Wiegmann, Sascha"]
[Black "Ferreira, Vitor Hugo Vieira"]
[WhiteFideId "4682041"]
[BlackFideId "2119765"]
[WhiteElo "2298"]
[BlackElo "2168"]
[Result "0-1"]
[Round "08"]
[TimeControl "180+1"]
[Date "2022.10.19"]
[WhiteClock "0:00:20"]
[BlackClock "0:01:26"]

1. Nf3 Nf6 2. g3 d5 3. Bg2 c6 4. O-O Bg4 5. d3 Nbd7 6. Nbd2 e5 7. e4 Bd6 8. Re1 O-O 9. h3 Bh5 10. g4 Bg6 11. Nh4 Re8 12. Nf1 a5 13. g5 Nh5 14. exd5 cxd5 15. Bxd5 Nb6 16. Be4 Nf4 17. Qg4 Bh5 18. Qg3 Qxg5 19. Bxf4 Qxf4 20. Nf5 Qxg3+ 21. fxg3 Bb4 22. c3 Bc5+ 23. Kg2 Rad8 24. g4 Bg6 25. Rad1 Nd5 26. Bxd5 Rxd5 27. N1g3 Bf8 28. Kf3 f6 29. Nh4 Bf7 30. Ne4 Rb5 31. b3 a4 32. c4 Rb4 33. Nd2 Rd8 34. Re3 Bc5 35. Nf5 Bxe3 36. Kxe3 g6 37. Nh6+ Kg7 38. Nxf7 Kxf7 39. a3 Rb6 40. b4 Rbd6 41. Ne4 Rd4 42. Nc5 b6 43. Nxa4 e4 44. Nxb6 exd3 45. c5 f5 46. gxf5 gxf5 47. b5 Re4+ 48. Kf3 d2 49. c6 Re1 50. c7 Rd3+ 51. Kf4 Rxd1 52. c8=Q Rf1+ 53. Kg5 d1=Q 54. Qc4+ Kg7 55. Qc7+ Rd7 56. Qxd7+ Qxd7 57. Nxd7 f4 58. b6 f3 59. b7 Rb1 60. b8=Q Rxb8 61. Nxb8 f2 62. Nc6 f1=Q 63. Ne5 Qf6+ 64. Kg4 Qxe5 65. Kf3 Qc3+ 0-1


[Site "https://www.chess.com"]

[Event "Titled Tuesday Blitz October 18 Late 2022"]
[White "Winkels, Marcel"]
[Black "Izuzquiza Gonzalez, Javier"]
[WhiteFideId "1003887"]
[BlackFideId "3101029"]
[WhiteElo "1900"]
[BlackElo "2034"]
[Result "0-1"]
[Round "08"]
[TimeControl "180+1"]
[Date "2022.10.19"]
[WhiteClock "0:00:02"]
[BlackClock "0:00:10"]

1. e4 c5 2. Nf3 e6 3. d4 cxd4 4. Nxd4 a6 5. g3 Nf6 6. Bg2 Qc7 7. O-O Be7 8. Nc3 O-O 9. Re1 d6 10. h3 Nc6 11. Nxc6 bxc6 12. a4 e5 13. a5 Be6 14. Be3 Nd7 15. f4 f5 16. exf5 Bxf5 17. g4 Be6 18. f5 Bf7 19. Qd2 d5 20. Bf2 Rab8 21. b3 Bb4 22. Qd3 Nc5 23. Qg3 Rfe8 24. Red1 Qe7 25. Na4 Nd7 26. Nb6 Nxb6 27. axb6 a5 28. c3 Bc5 29. Rxa5 Bxb6 30. Bxb6 Rxb6 31. b4 e4 32. Qe3 Rbb8 33. Rda1 Qe5 34. Ra7 Re7 35. Ra8 h6 36. Rxb8+ Qxb8 37. Qc5 Qc7 38. b5 cxb5 39. Qb4 Re8 40. Bf1 Qg3+ 41. Bg2 e3 42. Qb1 Qf2+ 43. Kh1 e2 44. Qe1 Qe3 45. Rb1 Re4 46. Rxb5 Rc4 47. Rb8+ Kh7 48. f6 Rxc3 49. fxg7 Rc1 0-1


[Site "https://www.chess.com"]

[Event "Titled Tuesday Blitz October 18 Late 2022"]
[White "Winterberg, Lukas"]
[Black "Shapiro, Daniel"]
[WhiteFideId "24622702"]
[BlackFideId "2001780"]
[WhiteElo "2349"]
[BlackElo "2211"]
[Result "1-0"]
[Round "08"]
[TimeControl "180+1"]
[Date "2022.10.19"]
[WhiteClock "0:00:17"]
[BlackClock "0:00:20"]

1. c4 e5 2. g3 Nf6 3. Bg2 d5 4. cxd5 Nxd5 5. Nf3 Nc6 6. O-O Be7 7. Nc3 Nb6 8. b3 g5 9. Bb2 g4 10. Ne1 Be6 11. Nc2 Qd7 12. Qc1 O-O-O 13. Rd1 h5 14. d4 exd4 15. Nb5 Bf6 16. Ncxd4 Nxd4 17. Nxd4 h4 18. Qc2 Qe7 19. Rac1 Bd5 20. Nf5 Qd7 21. Bxf6 1-0


[Site "https://www.chess.com"]

[Event "Titled Tuesday Blitz October 18 Late 2022"]
[White "Yano, William Jorge Froes"]
[Black "Petrovic, Aleksa"]
[WhiteFideId "2112949"]
[BlackFideId "967629"]
[WhiteElo "2122"]
[BlackElo "2242"]
[Result "0-1"]
[Round "08"]
[TimeControl "180+1"]
[Date "2022.10.19"]
[WhiteClock "0:00:03"]
[BlackClock "0:00:17"]

1. e4 c6 2. Nc3 d5 3. Qf3 e6 4. Qg3 Nf6 5. e5 Nfd7 6. f4 c5 7. Nf3 Nc6 8. Bb5 a6 9. Bxc6 bxc6 10. O-O c4 11. Kh1 g6 12. d3 cxd3 13. cxd3 Bb7 14. Bd2 Nb6 15. Rae1 Nc8 16. d4 Ne7 17. Qh3 h5 18. Ng5 Bg7 19. Nd1 Nf5 20. Bb4 Qb6 21. Bc5 Qa5 22. a3 Qa4 23. Nc3 Qb3 24. Re2 a5 25. Rf3 Ba6 26. Ref2 Qb7 27. Na4 Bb5 28. Nb6 Ra6 29. a4 Bc4 30. Nxc4 dxc4 31. Rc3 Ne7 32. Qf3 O-O 33. Rxc4 Rc8 34. h3 Nd5 35. Qd3 Bf8 36. Rd2 Bxc5 37. Rxc5 Rb6 38. Qf3 Rxb2 39. Rxb2 Qxb2 40. f5 exf5 41. e6 Qxd4 42. exf7+ Kh8 43. Rc1 Qf6 44. Qxd5 Qxg5 45. Rxc6 Rxc6 46. Qxc6 Kg7 47. Qe8 Qc1+ 48. Kh2 Qf4+ 49. Kg1 Qc1+ 50. Kh2 Qc7+ 51. Kg1 Qa7+ 52. Kh1 Qxf7 53. Qe5+ Kh6 54. Qxa5 f4 55. Qd2 g5 56. h4 gxh4 57. Kh2 Kg5 58. Qd5+ Qxd5 0-1


[Site "https://www.chess.com"]

[Event "Titled Tuesday Blitz October 18 Late 2022"]
[White "Yeletsky, Ivan"]
[Black "Matinian, Nikita"]
[WhiteFideId "24180327"]
[BlackFideId "24129100"]
[WhiteElo "2391"]
[BlackElo "2422"]
[Result "0-1"]
[Round "08"]
[TimeControl "180+1"]
[Date "2022.10.18"]
[WhiteClock "0:00:01"]
[BlackClock "0:00:39"]

1. d4 Nf6 2. c4 g6 3. Nc3 Bg7 4. e4 O-O 5. Nf3 d6 6. Be2 e5 7. O-O h6 8. Re1 Nc6 9. d5 Ne7 10. b4 a5 11. bxa5 Nd7 12. a4 f5 13. Nd2 Rxa5 14. Ba3 h5 15. Nb3 Ra8 16. c5 Nf6 17. cxd6 cxd6 18. Bf3 Nxe4 19. Bxe4 fxe4 20. Nxe4 Rxa4 21. Nxd6 Bg4 22. Qc1 Qb6 23. Qc2 Rxa3 24. Rxa3 Qxd6 25. Ra5 Rc8 26. Qd2 Bf5 27. h3 Rc2 28. Qe3 Nxd5 29. Qa7 Qb4 30. Rb1 Nc3 31. Qb8+ Kh7 32. Rf1 Qxb3 33. Ra8 Ne2+ 34. Kh2 Nf4 35. g3 Nxh3 0-1


[Site "https://www.chess.com"]

[Event "Titled Tuesday Blitz October 18 Late 2022"]
[White "Yurtseven, Melih"]
[Black "Pinheiro, Iung Alicio de O."]
[WhiteFideId "6312160"]
[BlackFideId "2104350"]
[WhiteElo "2492"]
[BlackElo "2631"]
[Result "0-1"]
[Round "08"]
[TimeControl "180+1"]
[Date "2022.10.19"]
[WhiteClock "0:00:26"]
[BlackClock "0:00:12"]

1. c4 c5 2. Nf3 Nc6 3. Nc3 g6 4. e3 Nf6 5. d4 cxd4 6. exd4 d5 7. cxd5 Nxd5 8. Bc4 Nb6 9. Bb3 Bg7 10. d5 Na5 11. O-O O-O 12. Bg5 h6 13. Bh4 Nxb3 14. axb3 g5 15. Bg3 Bxc3 16. bxc3 Qxd5 17. Qc2 Bf5 18. Qb2 Rfd8 19. h4 Be4 20. hxg5 Bxf3 21. gxf3 hxg5 22. Qe2 Rd7 23. c4 Qf5 24. Rfe1 a6 25. Qe3 Nc8 26. c5 Na7 27. Qc3 Nc6 28. Re4 Rad8 29. Kg2 Rd3 30. Qc4 Qxf3+ 31. Kh2 Rd1 32. Re1 R1d4 33. Qc1 f6 34. Ra3 Kg7 35. b4 Rh8+ 0-1


[Site "https://www.chess.com"]

[Event "Titled Tuesday Blitz October 18 Late 2022"]
[White "Zeynalli, Rashad"]
[Black "Daeschler, Florian"]
[WhiteFideId "13403320"]
[BlackFideId "20678193"]
[WhiteElo "2125"]
[BlackElo "2187"]
[Result "1-0"]
[Round "08"]
[TimeControl "180+1"]
[Date "2022.10.19"]
[WhiteClock "0:00:07"]
[BlackClock "0:00:42"]

1. d4 Nf6 2. Bf4 d5 3. e3 e6 4. Nd2 Bd6 5. Bg3 O-O 6. Ngf3 b6 7. c3 Ba6 8. Bxa6 Nxa6 9. Qe2 Nb8 10. e4 dxe4 11. Nxe4 Nxe4 12. Qxe4 Nd7 13. O-O-O Nf6 14. Qc6 Qe8 15. Qc4 Rc8 16. Rhe1 Bxg3 17. hxg3 c5 18. Qa6 Qc6 19. Kb1 cxd4 20. Rxd4 h6 21. Qxa7 Ra8 22. Qe7 Nd5 23. Qh4 Ra5 24. Rc1 Rfa8 25. a3 Qb5 26. c4 Qa6 27. cxd5 Rxa3 28. bxa3 Qxa3 29. Rd2 Qa1+ 30. Kc2 Qa2+ 31. Kd1 Qb3+ 32. Ke1 exd5 33. Qd4 Qb5 34. Re2 Ra4 35. Qe5 Ra8 36. Kf1 Rd8 37. Rd1 Qa4 38. Red2 d4 39. Rxd4 Rf8 40. Rd8 Qc4+ 41. Kg1 Rxd8 42. Rxd8+ Kh7 43. Qf5+ 1-0


[Site "https://www.chess.com"]